 Dungeon Crawl Stone Soup version 0.27-a0-681-g0c81a3c1c3 (webtiles) character file.

Game seed: 10455508944904720625

802 jasper the Martial Artist (level 7, -4/48 HPs)
             Began as a Demonspawn Transmuter on Mar 19, 2021.
             Killed by nerve-wracking pain
             ... invoked by an orc priest
              (10 damage)
             ... on level 4 of the Dungeon.
             The game lasted 00:07:03 (5021 turns).

jasper the Martial Artist (Demonspawn Transmuter)   Turns: 5021, Time: 00:07:03

Health: -4/48      AC:  5    Str: 10    XL:     7   Next: 59%
Magic:  10/10      EV: 10    Int: 16    God:
Gold:   66         SH:  0    Dex: 14    Spells: 9/10 levels left

rFire    . . .     SeeInvis .     - Unarmed
rCold    . . .     Faith    .   (no shield)
rNeg     . . .     Spirit   .   e - +0 ring mail
rPois    .         Reflect  .   (helmet restricted)
rElec    .         Harm     .   (no cloak)
rCorr    .         Rampage  .   (no gloves)
Will     .....                  (no boots)
Stlth    +.........             (no amulet)
HPRegen  0.16/turn              (no ring)
MPRegen  0.12/turn              (no ring)

@: no status effects
A: horns 2, ignite blood 1
a: no special abilities


You were on level 4 of the Dungeon.
You visited 1 branch of the dungeon, and saw 4 of its levels.

You collected 66 gold pieces.

Inventory:

Hand Weapons
 p - a +0 flail
Missiles
 g - 125 stones
 m - 3 boomerangs
 q - 6 poisoned darts (quivered)
Armour
 a - a +0 robe
 e - a +0 ring mail (worn)
Wands
 r - a wand of polymorph (5)
Scrolls
 c - 3 scrolls of fog {unknown}
 d - 2 scrolls of enchant weapon {unknown}
 f - a scroll of random uselessness {unknown}
 h - 3 scrolls of identify {unknown}
 k - 4 scrolls of teleportation {unknown}
 n - a scroll of amnesia {unknown}
 s - a scroll of acquirement {unknown}
 t - a scroll of enchant armour {unknown}
Potions
 b - a potion of heal wounds {unknown}
 i - a potion of brilliance {unknown}
 j - 2 potions of degeneration
 l - a potion of curing
 o - a potion of flight {unknown}
 u - 2 potions of berserk rage {unknown}
 v - a potion of invisibility {unknown}


   Skills:
 - Level 1.0 Fighting
 - Level 1.7 Dodging
 + Level 8.3 Unarmed Combat
 - Level 2.0 Spellcasting
 - Level 1.7 Transmutations


You had 9 spell levels left.
You knew the following spells:

 Your Spells              Type           Power      Damage    Failure   Level
a - Beastly Appendage     Tmut           14%        N/A       26%         1

Your spell library contained the following spells:

 Spells                   Type           Power      Damage    Failure   Level
 Wereblood                Tmut           7%         N/A       36%         2
 Spider Form              Tmut/Pois      2%         N/A       75%         3
 Ice Form                 Ice/Tmut       4%         N/A       98%         4
 Blade Hands              Tmut           3%         N/A       100%        5


Dungeon Overview and Level Annotations

Branches:
Dungeon (4/15)
 Temple: D:4-7

Altars:
Elyvilon
Wu Jian
Zin

Annotations:
D:3 Grinder


Innate Abilities, Weirdness & Mutations

You have a pair of horns on your head.
Your demonic aura sometimes causes spilled blood to erupt in flames


Message History

The orc barely misses you.
You hit the orc.
You kill the orc!
The orc wizard completely misses you.
Items here: )) [[.
You closely miss the orc wizard. You closely miss the orc wizard.
The orc wizard hits you with a +0 club.
You take 2 damage, and have 29/48 hp.
You hit the orc wizard. Your headbutt misses the orc wizard.
The orc wizard is moderately wounded.
The orc wizard hits you but does no damage.
You punch the orc wizard! You headbutt the orc wizard.
You kill the orc wizard!
The orc throws a stone.
The stone hits you but does no damage.
You barely miss the orc priest. You hit the orc priest.
The orc priest is lightly wounded.
The orc priest hits you with a +0 whip.
You take 6 damage, and have 24/48 hp.
You hit the orc priest.
The orc priest is heavily wounded.
The orc priest hits you but does no damage.
You closely miss the orc priest. You headbutt the orc priest.
The orc priest is almost dead.
The orc priest hits you with a +0 whip.
You take 4 damage, and have 20/48 hp.
You completely miss the orc priest.
The orc priest is almost dead.
The orc priest hits you but does no damage.
You hit the orc priest but do no damage.
The orc priest is almost dead.
The orc priest mumbles some strange prayers to Beogh against you.
Beogh smites you!
* * * LOW HITPOINT WARNING * * *
You take 14 damage, and have 6/48 hp.
MASSIVE DAMAGE!!
You closely miss the orc priest.
The orc priest is almost dead.
The orc priest mumbles some strange prayers to Beogh against you.
Pain shoots through your body!
You die...

.# ##.## #.##§≈§.##....#
.###.#.###..##§§_#...#.#
....###......###8#####.#
.###.#..####..#### ##..#
.# ##...........####...#
.# ###.######.......#.#
.# #...# ###.#####.# .#
#...# #.##....### .#
#...# #@##.##... .# #...#
#o##.##.# .#
#...#######o......# .#
#...............###
######....####.(....#.#
....................#.###
....................#.#..
...).................##.#
#####.....####[#....###.#


You could see an orc priest and an orc (fast).

Vanquished Creatures
  Pikel (D:4)
  An orc warrior (D:4)
  An ogre (D:4)
  An orc priest (D:4)
  2 worker ants (D:4)
  An orc wizard (D:4)
  3 adders
  An ooze (D:2)
  An adder skeleton (D:4)
  A dart slug (D:3)
  A worm (D:2)
  3 leopard geckos
  8 orcs
  2 giant cockroaches
  5 goblins
  8 hobgoblins
  8 kobolds
  9 bats
  5 frilled lizards
  8 rats
70 creatures vanquished.

Notes
Turn   | Place    | Note
-------+----------+-------------------------------------------
     0 | D:1      | jasper the Demonspawn Transmuter began the quest for the
                  | Orb.
     0 | D:1      | Reached XP level 1. HP: 15/15 MP: 3/3
   436 | D:1      | Reached skill level 3 in Unarmed Combat
   706 | D:1      | Mutation became permanent: You have a pair of small horns
                  | on your head. [demonic ancestry]
   706 | D:1      | Gained mutation: You have a pair of horns on your head.
                  | [demonic ancestry]
   706 | D:1      | Reached XP level 2. HP: 18/21 MP: 3/5
  1640 | D:1      | Gained mutation: Your demonic aura sometimes causes spilled
                  | blood to erupt in flames [demonic ancestry]
  1640 | D:1      | Reached XP level 3. HP: 26/26 MP: 6/6
  1973 | D:2      | Reached skill level 4 in Unarmed Combat
  3250 | D:2      | Gained mutation: You have a pair of horns on your head.
                  | [demonic ancestry]
  3250 | D:2      | Reached XP level 4. HP: 17/32 MP: 5/7
  3874 | D:3      | Noticed Grinder
  4032 | D:4      | Reached skill level 5 in Unarmed Combat
  4040 | D:4      | Noticed an orc warrior
  4069 | D:4      | Killed an orc warrior
  4070 | D:4      | Reached XP level 5. HP: 15/37 MP: 8/8
  4076 | D:4      | Reached skill level 6 in Unarmed Combat
  4299 | D:4      | Noticed Pikel
  4299 | D:4      | Noticed a lemure
  4300 | D:4      | Noticed a lemure
  4304 | D:4      | Noticed a lemure
  4305 | D:4      | Noticed a lemure
  4336 | D:4      | Killed Pikel
  4337 | D:4      | Reached skill level 7 in Unarmed Combat
  4337 | D:4      | Reached XP level 6. HP: 21/43 MP: 9/9
  4337 | D:4      | Reached XP level 7. HP: 24/48 MP: 10/10
  4555 | D:4      | Found an ornate altar of the Wu Jian Council.
  4661 | D:4      | Reached skill level 8 in Unarmed Combat
  5001 | D:4      | Identified the +1 scale mail "Mijyic" {rElec rC- Str+4
                  | Slay+3}
  5021 | D:4      | Killed from afar by an orc priest

Illustrated notes

Levels and vault maps discovered:
D:1:      tarquinn_simple_flora_water_e, layout_basic, hangedman_decor_growths,
          minmay_tromino_v2
D:2:      layout_basic, minmay_misc_feat_four_crosses
D:3:      layout_basic, lemuel_doored_altar, nicolae_overflow_hidden_temple,
          uniq_grinder
D:4:      layout_loops_cross, gammafunk_temple_overflow_claw, uniq_pikel

Skill      XL: |  1  2  3  4  5  6  7 |
---------------+----------------------+-----
Unarmed Combat | 3 4 5 7 8 |  8.3
Fighting       | |  1.0
Dodging        | |  1.7
Spellcasting   | |  2.0
Transmutations | |  1.7

Action                   |  1- 3 |  4- 6 |  7- 9 || total
-------------------------+-------+-------+-------++-------
Melee: Unarmed           |   113 |    45 |    29 ||   187
       Headbutt          |    14 |     2 |     5 ||    21
       Kick              |     5 |     3 |       ||     8
       Punch             |       |     2 |       ||     2
Throw: Stone             |     2 |    10 |     5 ||    17
       Dart              |    36 |    16 |    13 ||    65
 Cast: Beastly Appendage |     5 |     2 |       ||     7
  Use: Potion            |       |     3 |       ||     3
Armor: Robe              |    18 |       |       ||    18
       Ring mail         |    44 |    10 |     7 ||    61
Dodge: Dodged            |    75 |    15 |     6 ||    96

Table legend: (Time is in decaauts)
 A = Elapsed time spent in this place.
 B = Non-inter-level travel time spent in this place.
 C = Inter-level travel time spent in this place.
 D = Time resting spent in this place.
 E = Time spent auto-exploring this place.
 F = Levels seen in this place.
 G = Mean time per level.
                   A        B        C        D        E       F      G
               +--------+--------+--------+--------+--------+-----+--------+
         Total |   5007 |   4891 |    116 |   1726 |   2415 |   4 | 1251.8 |
       Dungeon |   5007 |   4891 |    116 |   1726 |   2415 |   4 | 1251.8 |
               +--------+--------+--------+--------+--------+-----+--------+

Top non-repeatable levels by time:
     D:2: 1817 daAuts
     D:1: 1681 daAuts
     D:4: 1056 daAuts
     D:3: 452 daAuts
